 Dungeon Crawl Stone Soup version 0.31-a0-507-gbafd7f5274 (webtiles) character file.

Game seed: 2775948288648380179

326 pokeman the Magician (level 6, -8/34 HPs)
             Began as a Deep Elf Hedge Wizard on Aug 10, 2023.
             Killed by nerve-wracking pain
             ... invoked by Menkaure
              (11 damage)
             ... on level 4 of the Dungeon.
             The game lasted 00:08:06 (4734 turns).

pokeman the Magician (Deep Elf Hedge Wizard)        Turns: 4734, Time: 00:08:07

Health: -8/34      AC:  3    Str:  7    XL:     6   Next: 24%
Magic:  6/17       EV: 13    Int: 21    God:
Gold:   194        SH:  0    Dex: 14    Spells: 10/18 levels left

rFire   . . .        f - +3 dagger
rCold   . . .        (no shield)
rNeg    . . .        b - +0 robe
rPois   .            c - +0 hat
rElec   .            s - +0 cloak
rCorr   .            (no gloves)
SInv    .            (no boots)
Will    .....        (no amulet)
Stlth   ++           (no ring)
HPRegen 0.25/turn    (no ring)
MPRegen 0.15/turn

%: no passive effects
@: on blink cooldown, studying Ranged Weapons
A: no striking features
a: no special abilities


You were on level 4 of the Dungeon.
You visited 1 branch of the dungeon, and saw 4 of its levels.

You collected 194 gold pieces.

Inventory:

Hand Weapons
 f - a +3 dagger (weapon)
Armour
 b - a +0 robe (worn)
 c - a +0 hat (worn)
 o - a scarf of shadows
 s - a +0 cloak (worn)
Wands
 q - a wand of mindburst (20)
Scrolls
 e - 3 scrolls of fear {unknown}
 g - 5 scrolls of identify {unknown}
 i - 6 scrolls of teleportation {unknown}
 k - a scroll of noise {unknown}
 l - a scroll of enchant armour {unknown}
 m - a scroll of enchant weapon {unknown}
 r - a scroll of fog {unknown}
Potions
 a - 4 potions of attraction {unknown}
 d - a potion of magic
 h - a potion of ambrosia {unknown}
 j - 4 potions of curing {unknown}
 n - a potion of lignification {unknown}
 p - a potion of heal wounds {unknown}


   Skills:
 + Level 1.3 Fighting
 - Level 1.0 Armour
 - Level 3.0 Dodging
 - Level 3.0 Stealth
 * Level 6.9 Spellcasting
 + Level 3.2 Conjurations
 - Level 1.1 Summonings
 - Level 1.1 Translocations
 - Level 1.0 Air Magic
 - Level 1.0 Poison Magic
 - Level 1.0 Evocations


You had 10 spell levels left.
You knew the following spells:

 Your Spells              Type           Power      Damage    Failure   Level
a - Magic Dart            Conj           80%        1d7       2%          1
b - Mephitic Cloud        Conj/Pois/Air  14%        N/A       13%         3
c - Call Imp              Summ           22%        N/A       9%          2
d - Blink                 Tloc           22%        N/A       9%          2

Your spell library contained the following spells:

 Spells                   Type           Power      Damage    Failure   Level
 Shock                    Conj/Air       64%        1d7       3%          1
 Momentum Strike          Conj/Tloc      32%        3d8       5%          2
 Necrotise                Necr           28%        1d5       9%          1
 Slow                     Hex            28%        N/A       9%          1
 Lesser Beckoning         Tloc           22%        N/A       9%          2
 Cigotuvi's Dreadful Rot  Necr/Pois/Air  20%        N/A       10%         2
 Gell's Gravitas          Tloc           11%        N/A       17%         3
 Teleport Other           Tloc           11%        N/A       17%         3
 Passage of Golubria      Tloc           11%        N/A       50%         4
 Silence                  Hex/Air        4%         N/A       89%         5
 Lehudib's Crystal Spear  Conj/Erth      7%         10d3      100%        8


Dungeon Overview and Level Annotations

Branches:
Dungeon (4/15)
 Temple: D:4-7

Altars:

Annotations:
D:4 Menkaure


Message History

Casting: Magic Dart (safe; 2% risk of failure)
Confirm with . or Enter, or press ? or * to list all spells.
Aiming: Magic Dart (safe; 2% risk of failure)
Press: ? - help, Shift-Dir - straight line, f/p - Menkaure
Aim: Menkaure (severely damaged, fast, 100% to hit)
The magic dart hits Menkaure but does no damage.
Menkaure is severely damaged.
Casting: Magic Dart (safe; 2% risk of failure)
Confirm with . or Enter, or press ? or * to list all spells.
Aiming: Magic Dart (safe; 2% risk of failure)
Press: ? - help, Shift-Dir - straight line, f/p - Menkaure
Aim: Menkaure (severely damaged, fast, 100% to hit)
The magic dart hits Menkaure.
Menkaure is severely damaged.
Casting: Magic Dart (safe; 2% risk of failure)
Confirm with . or Enter, or press ? or * to list all spells.
Aiming: Magic Dart (safe; 2% risk of failure)
Press: ? - help, Shift-Dir - straight line, f/p - Menkaure
Aim: Menkaure (severely damaged, fast, 100% to hit)
The magic dart hits Menkaure but does no damage.
Menkaure is severely damaged.
Menkaure closely misses you.
Unknown command.
Casting: Magic Dart (safe; 2% risk of failure)
Confirm with . or Enter, or press ? or * to list all spells.
You blink.
Unknown command.
Casting: Blink (safe; 9% risk of failure)
Confirm with . or Enter, or press ? or * to list all spells.
Aiming: Magic Dart (safe; 2% risk of failure)
Press: ? - help, Shift-Dir - straight line, f/p - Menkaure
Aim: Menkaure (severely damaged, fast, 100% to hit)
The magic dart hits Menkaure.
Menkaure is severely damaged.
Menkaure casts a spell at you. Pain shoots through your body!
* * * LOW HITPOINT WARNING * * *
Menkaure casts a spell at you. Pain shoots through your body!
You die...

##...###).#.....#
#....###).......#
##...##........##
##..........#...
###..............
######.#..............
#...##................
#.....................
#....@................
####........#....##...
###.......##.........
#######......M..##.........
##............§..#....#..÷..
#............##..#..####....
#...PPP.P..####......#......
#..PPP..PP.# #..........##.
#....P.....# ##..#..#...#..


You could see Menkaure (fast).

Vanquished Creatures
  A gnoll sergeant (D:4)
  Jessica (D:2)
  2 iguanas (D:4)
  Terence (D:3)
  3 gnolls (D:4)
  9 adders
  3 dart slugs
  An orc (D:3)
  5 bats
  12 endoplasms
  3 giant cockroaches
  7 goblins
  6 hobgoblins
  9 kobolds
  4 quokkas
  5 ball pythons
  3 frilled lizards
  7 rats
82 creatures vanquished.

Notes
Turn   | Place    | Note
-------+----------+-------------------------------------------
     0 | D:1      | pokeman the Deep Elf Hedge Wizard began the quest for the
                  | Orb.
     0 | D:1      | Reached XP level 1. HP: 10/10 MP: 7/7
   413 | D:1      | Reached XP level 2. HP: 16/16 MP: 6/9
   879 | D:1      | Reached skill level 5 in Spellcasting
   946 | D:1      | Got Qiub's Wizardry, Part One
  1251 | D:2      | Reached XP level 3. HP: 20/20 MP: 6/11
  1259 | D:2      | Learned a level 3 spell: Mephitic Cloud
  1263 | D:2      | Learned a level 2 spell: Call Imp
  1266 | D:2      | Learned a level 2 spell: Blink
  1428 | D:2      | Reached skill level 1 in Armour
  1523 | D:2      | Reached skill level 1 in Fighting
  1817 | D:2      | Reached XP level 4. HP: 23/25 MP: 7/13
  2208 | D:2      | Noticed Jessica
  2214 | D:2      | Killed Jessica
  2275 | D:2      | Got Jessica's Verses on the Evil Eye
  2728 | D:3      | Reached skill level 6 in Spellcasting
  2790 | D:3      | Reached XP level 5. HP: 15/29 MP: 7/15
  3174 | D:3      | Noticed Terence
  3231 | D:3      | Killed Terence
  3804 | D:4      | Reached skill level 1 in Air Magic
  3804 | D:4      | Reached skill level 1 in Poison Magic
  4230 | D:4      | Noticed Menkaure
  4391 | D:4      | Reached XP level 6. HP: 34/34 MP: 11/17
  4559 | D:4      | Reached skill level 1 in Evocations
  4734 | D:4      | Killed from afar by Menkaure

Illustrated notes

Levels and vault maps discovered:
D:1:      minmay_arrival_cross, layout_basic
D:2:      layout_basic, kennysheep_jessica_study
D:3:      layout_basic, kennysheep_generic_room_9, uniq_terence
D:4:      layout_cave_pools, st_stairs_6, nicolae_grassy_gnolls, uniq_menkaure

Skill      XL: |  1  2  3  4  5  6 |
---------------+-------------------+-----
Spellcasting   | 5 6 |  6.9
Armour         | 1 |  1.0
Conjurations   | 2 3 |  3.2
Fighting       | 1 |  1.3
Dodging        | 3 |  3.0
Stealth        | 3 |  3.0
Air Magic      | 1 |  1.0
Poison Magic   | 1 |  1.0
Evocations     | 1 |  1.0
Summonings     | |  1.1
Translocations | |  1.1

Action                     |  1- 3 |  4- 6 || total
---------------------------+-------+-------++-------
  Melee: Dagger            |       |    21 ||    21
   Cast: Magic Dart        |    97 |   147 ||   244
         Mephitic Cloud    |       |     8 ||     8
         Blink             |       |     1 ||     1
   Stab: Confused          |       |     2 ||     2
 Armour: Robe              |     1 |     1 ||     2
  Dodge: Dodged            |     7 |    22 ||    29

Table legend: (Time is in decaauts)
 A = Elapsed time spent in this place.
 B = Non-inter-level travel time spent in this place.
 C = Inter-level travel time spent in this place.
 D = Time resting spent in this place.
 E = Time spent auto-exploring this place.
 F = Levels seen in this place.
 G = Mean time per level.
                   A        B        C        D        E       F      G
               +--------+--------+--------+--------+--------+-----+--------+
         Total |   4735 |   4609 |    126 |    189 |   3829 |   4 | 1183.8 |
       Dungeon |   4735 |   4609 |    126 |    189 |   3829 |   4 | 1183.8 |
               +--------+--------+--------+--------+--------+-----+--------+

Top non-repeatable levels by time:
     D:3: 1262 daAuts
     D:2: 1251 daAuts
     D:1: 1238 daAuts
     D:4: 983 daAuts
